 Dungeon Crawl Stone Soup version 0.26-a0-854-gdc81c2f471 (webtiles) character file.

Game seed: 596684268883032266

1236 pablito the Ruffian (level 8, -2/80 HPs)
             Began as a Troll Berserker on Nov 21, 2020.
             Was an Elder of Trog.
             Slain by an orc
             ... wielding a +0 hand axe of venom
              (6 damage)
             ... on level 7 of the Dungeon on Nov 22, 2020.
             The game lasted 00:15:23 (4253 turns).

pablito the Ruffian (Troll Berserker)               Turns: 4253, Time: 00:15:24

Health: -2/80      AC:  7    Str: 26    XL:     8   Next: 24%
Magic:  7/7        EV: 12    Int:  3    God:    Trog [****..]
Gold:   255        SH:  0    Dex: 11    Spells: 7/7 levels left

rFire    . . .     SeeInvis .     - Unarmed
rCold    . . .     Faith    .   (no shield)
rNeg     . . .     Spirit   .   a - +1 animal skin
rPois    .         Reflect  .   (helmet restricted)
rElec    .         Harm     .   (no cloak)
rCorr    .         Rampage  .   (gloves unavailable)
MR       .....                  (boots unavailable)
Stlth    +.........             (no amulet)
HPRegen  0.63/turn              (no ring)
MPRegen  0.10/turn              (no ring)

@: lethally poisoned (-2 -> -27), berserk cooldown, slowed, very slow
A: large, unfitting armour, claws 3, regeneration 1, shaggy fur 1, tough skin 3
a: Berserk, Trog's Hand, Brothers in Arms, Renounce Religion


You were on level 7 of the Dungeon.
You worshipped Trog.
Trog was greatly pleased with you.
You visited 1 branch of the dungeon, and saw 7 of its levels.

You collected 255 gold pieces.

Inventory:

Missiles
 u - 3 boomerangs (quivered)
Armour
 a - a +1 animal skin (worn)
 y - a +0 helmet
Jewellery
 h - an uncursed amulet of inaccuracy
 k - an uncursed ring of magical power
 t - an uncursed ring of attention
Wands
 l - a wand of flame (17)
 r - a wand of acid (8)
 z - a wand of polymorph (7)
Scrolls
 p - 2 scrolls of remove curse
 v - a scroll of fog {unknown}
 w - a scroll of magic mapping {unknown}
 A - a scroll of enchant armour
 B - a scroll of summoning {unknown}
 C - a scroll of identify
Potions
 b - 2 potions of haste
 c - 2 potions of brilliance
 d - a potion of invisibility {unknown}
 e - a potion of ambrosia {unknown}
 f - 2 potions of heal wounds {unknown}
 g - a potion of attraction {unknown}
 i - 5 potions of curing
 j - a potion of lignification {unknown}
 m - a potion of degeneration {unknown}
 n - a potion of magic {unknown}
 q - 2 potions of cancellation {unknown}
 s - a potion of resistance {unknown}
 x - a potion of flight {unknown}


   Skills:
 + Level 5.3 Fighting
 + Level 5.3 Dodging
 + Level 6.5 Unarmed Combat


You had 7 spell levels left.
You didn't know any spells.
Your spell library was empty.

Dungeon Overview and Level Annotations

Branches:
Dungeon (7/15)
 Temple: D:4-7

Altars:
Kikubaaqudgha
Zin

Annotations:
D:5 1 runed translucent door


Innate Abilities, Weirdness & Mutations

You are too large for most types of armour.
You have claws for hands.
Your natural rate of healing is unusually fast.
You are covered in fur. (AC +1)
You have extremely tough skin. (AC +3)


Message History

The orc hits you with a +0 hand axe of venom!
* * * LOW HITPOINT WARNING * * *
You are more poisoned.
* * * LOW HITPOINT WARNING * * *
You feel very sick. The big kobold hits you.
* * * LOW HITPOINT WARNING * * *
The orc hits you but does no damage. x2; The kobold hits you with a +0 dagger.
* * * LOW HITPOINT WARNING * * *
The orc wizard hits you but does no damage.
You can move again.
There is a stone staircase leading up, spattered with blood here.
Unknown command.
You claw the orc!
You kill the orc!
Trog accepts your kill.
* * * LOW HITPOINT WARNING * * *
You feel very sick.
The orc hits you with a +0 hand axe of venom.
You die...

#.[... ....
##.[.. . ...
#...# #.#.#
##oK# #So@#
......K)o..#
###.#......#
.. #...#..#
# #......#
..#.#.##
.###.. # #.
###


You could see a big kobold, an orc wizard, an adder, 2 orcs and a kobold.

Vanquished Creatures
  Eustachio (D:5)
  The ghost of DocClef the Covert, an amateur GnDe of Okawaru (D:5)
  Duvessa (D:5)
  A phantom (D:4)
  2 bullfrogs
  Dowan (D:5)
  A howler monkey (D:6)
  A hound (D:5)
  4 orc priests
  A jelly (D:6)
  2 orc wizards (D:3)
  A worker ant (D:4)
  5 gnolls
  9 adders
  2 river rats (D:5)
  An ufetubus (D:5)
  5 worms
  A dart slug (D:1)
  3 leopard geckos
  30 orcs
  2 ball pythons
  A giant cockroach (D:1)
  6 goblins
  7 hobgoblins
  4 jackals (D:4)
  5 kobolds
  5 quokkas
  11 bats
  6 frilled lizards
  A jackal skeleton (D:6)
  A leopard gecko skeleton (D:4)
  5 rats
127 creatures vanquished.

Vanquished Creatures (others)
  A human (D:4)
  19 fungi (D:4)
20 creatures vanquished.

Grand Total: 147 creatures vanquished

Notes
Turn   | Place    | Note
-------+----------+-------------------------------------------
     0 | D:1      | pablito the Troll Berserker began the quest for the Orb.
     0 | D:1      | Reached XP level 1. HP: 22/22 MP: 0/0
   258 | D:1      | Reached XP level 2. HP: 29/29 MP: 1/1
   272 | D:1      | Upgraded the game from 0.26-a0-852-g6321bf7485 to
                  | 0.26-a0-854-gdc81c2f471
   984 | D:2      | Reached XP level 3. HP: 36/36 MP: 2/2
  1020 | D:2      | Reached ** piety under Trog
  1481 | D:3      | Reached XP level 4. HP: 31/45 MP: 3/3
  1670 | D:3      | Reached skill level 4 in Unarmed Combat
  1679 | D:3      | Reached XP level 5. HP: 45/53 MP: 4/4
  2036 | D:3      | Reached *** piety under Trog
  2037 | D:3      | Reached XP level 6. HP: 62/62 MP: 5/5
  2714 | D:4      | Found an ancient bone altar of Kikubaaqudgha.
  2728 | D:4      | Noticed a human
  2729 | D:4      | Killed a human
  2868 | D:4      | Reached skill level 5 in Unarmed Combat
  3393 | D:5      | Entered Level 5 of the Dungeon
  3393 | D:5      | Noticed Dowan
  3394 | D:5      | Noticed Duvessa
  3409 | D:5      | Killed Dowan
  3410 | D:5      | Reached XP level 7. HP: 70/70 MP: 6/6
  3415 | D:5      | Killed Duvessa
  3517 | D:5      | Found a runed translucent door.
  3519 | D:5      | Noticed DocClef's ghost (amateur GnDe)
  3575 | D:5      | Killed DocClef's ghost
  3581 | D:5      | Reached **** piety under Trog
  3585 | D:5      | Found a runed translucent door.
  3660 | D:5      | Noticed Eustachio
  3680 | D:5      | Killed Eustachio
  3681 | D:5      | Reached skill level 5 in Fighting
  3681 | D:5      | Reached skill level 5 in Dodging
  3681 | D:5      | Reached skill level 6 in Unarmed Combat
  3681 | D:5      | Reached XP level 8. HP: 80/80 MP: 7/7
  4105 | D:6      | Noticed an angel
  4107 | D:6      | Found a glowing silver altar of Zin.
  4252 | D:7      | HP: 8/80 [kobold/+0 dagger (4)]
  4253 | D:7      | Slain by an orc

Illustrated notes

Levels and vault maps discovered:
D:1:      ebering_trefoil_3fold, layout_loops_corners, serial_rivers,
          chequers_serial_rivers_room_a, chequers_serial_rivers_micro_a,
          chequers_serial_rivers_small_a, chequers_serial_rivers_large_b
D:2:      layout_loops_ring
D:3:      layout_basic
D:4:      layout_basic, serial_aquarium, aquarium_bridge_island_small
          [aquarium_subvault_small_open, aquarium_subvault_bridge,
          aquarium_subvault_wall, aquarium_subvault_wall,
          aquarium_subvault_balcony], aquarium_bridge_square
          [aquarium_subvault_bridge, aquarium_subvault_balcony,
          aquarium_subvault_bridge, aquarium_subvault_wall],
          aquarium_window_corner, aquarium_window_2, aquarium_window_1,
          aquarium_window_2, aquarium_view_2d, aquarium_view_2f,
          tgw_kikubaaqudgha
D:5:      layout_basic, ebering_ghost_sewer_f, uniq_eustachio, uniq_duvessa
D:6:      layout_rooms, minmay_temple_entry_statues_pillars, minivault_11,
          nicolae_good_shop
D:7:      layout_basic, trog_ov_bears_minmay, uniq_menkaure

Skill      XL: |  1  2  3  4  5  6  7 |
---------------+----------------------+-----
Dodging        | 3 4 5 |  5.3
Fighting       | 3 4 5 |  5.3
Unarmed Combat | 4 5 6 |  6.5

Action                   |  1- 3 |  4- 6 |  7- 9 || total
-------------------------+-------+-------+-------++-------
Melee: Unarmed           |   116 |   166 |    90 ||   372
       Punch             |       |     2 |       ||     2
Invok: Berserk           |     1 |     4 |     4 ||     9
  Use: Scroll            |     7 |     2 |     1 ||    10
       Potion            |       |       |     1 ||     1
 Stab: Sleeping          |     1 |     1 |       ||     2
Armor: Animal skin       |    72 |    50 |    88 ||   210
Dodge: Dodged            |    79 |    95 |   159 ||   333

Table legend: (Time is in decaauts)
 A = Elapsed time spent in this place.
 B = Non-inter-level travel time spent in this place.
 C = Inter-level travel time spent in this place.
 D = Time resting spent in this place.
 E = Time spent auto-exploring this place.
 F = Levels seen in this place.
 G = Mean time per level.
                   A        B        C        D        E       F      G
               +--------+--------+--------+--------+--------+-----+--------+
         Total |   4310 |   4166 |    144 |    173 |   3241 |   7 |  615.7 |
       Dungeon |   4310 |   4166 |    144 |    173 |   3241 |   7 |  615.7 |
               +--------+--------+--------+--------+--------+-----+--------+

Top non-repeatable levels by time:
     D:3: 1032 daAuts
     D:4: 920 daAuts
     D:1: 877 daAuts
     D:5: 719 daAuts
     D:2: 600 daAuts
     D:6: 156 daAuts
     D:7: 3 daAuts
